 Dungeon Crawl Stone Soup version 0.23.0 (webtiles) character file.

Game seed: 12278033092409747295

521 doot the Skirmisher (level 7, -3/61 HPs)
             Began as a Purple Draconian Abyssal Knight on Feb 12, 2019.
             Was a Believer of Lugonu.
             Slain by a cyan ugly thing (16 damage)
             ... on level 6 of the Dungeon.
             The game lasted 00:13:16 (5331 turns).

doot the Skirmisher (DrAK)                          Turns: 5331, Time: 00:13:17

Health: -3/61      AC:  7    Str: 14      XL:     7   Next: 1%
Magic:  8/8        EV: 13    Int: 14      God:    Lugonu [**....]
Gold:   386        SH:  0    Dex:  8 (11) Spells: 6/6 levels left

rFire    . . .     SeeInvis .   a - +1 spear
rCold    + . .     Gourm    .   (no shield)
rNeg     . . .     Faith    .   (armour unavailable)
rPois    .         Spirit   .   (helmet restricted)
rElec    .         Reflect  .   (no cloak)
rCorr    .         Harm     .   (no gloves)
MR       +....                  w - +0 pair of boots
Stlth    +.........             (no amulet)
HPRegen  0.20/turn              d - ring of protection from cold
MPRegen  0.11/turn              (no ring)

@: short of breath
A: breathe power, unfitting armour, cold-blooded, AC +6
a: Breathe Dispelling Energy, Depart the Abyss, Bend Space, Renounce Religion


You were on level 6 of the Dungeon.
You worshipped Lugonu.
Lugonu was pleased with you.
You were very hungry.

You visited 1 branch of the dungeon, and saw 6 of its levels.
You visited the Abyss 1 time.

You collected 386 gold pieces.

Inventory:

Hand Weapons
 a - a +1 spear (weapon)
Missiles
 y - 5 javelins (quivered)
Armour
 v - a +2 large shield
 w - a +0 pair of boots (worn)
Magical Staves
 f - an uncursed staff of earth
 x - an uncursed staff of cold
Jewellery
 d - a ring of protection from cold (left hand)
 A - the ring of Dykuim {*Contam rElec rC++ rN+ Stlth+, unknown}
   (You found it on level 6 of the Dungeon)

   [ring of stealth]

   It greatly protects you from cold.
   It insulates you from electricity.
   It protects you from negative energy.
   It causes magical contamination when unequipped.
   It makes you more stealthy.
Scrolls
 e - 4 scrolls of identify {unknown}
 h - 2 scrolls of enchant weapon {unknown}
 j - 3 scrolls of teleportation {unknown}
 k - a scroll of immolation {unknown}
 n - a scroll of blinking {unknown}
 o - 2 scrolls of remove curse {unknown}
 p - a scroll of fog
 t - a scroll of random uselessness {unknown}
 u - a scroll of enchant armour {unknown}
Potions
 c - a potion of magic
 g - a potion of curing {unknown}
 i - 2 potions of might
 l - 2 potions of flight {unknown}
 m - 2 potions of heal wounds
 q - a potion of ambrosia {unknown}
 r - 2 potions of haste {unknown}
 s - a potion of berserk rage {unknown}
 z - a potion of brilliance {unknown}
Comestibles
 b - 10 rations


   Skills:
 + Level 5.2 Fighting
 + Level 5.1 Polearms
 + Level 3.8 Dodging
 + Level 1.4 Stealth
 + Level 1.1 Shields
 + Level 2.0 Invocations


You had 6 spell levels left.
You didn't know any spells.
Your spell library was empty.

Dungeon Overview and Level Annotations

Branches:
Dungeon (6/15)
 Temple: D:4-7

Altars:
Hepliaklqana
Qazlal
Uskayaw
Wu Jian
Xom
Zin

Annotations:
D:4 Menkaure


Innate Abilities, Weirdness & Mutations

You can breathe bolts of dispelling energy.
Your rich purple scales are hard. (AC +6)
You cannot fit into any form of body armour.
You are cold-blooded and may be slowed by cold attacks.


Message History

You are feeling very hungry.
Throwing (i - inventory)
y - 6 javelins (quivered)
Press: ? - help, Shift-Dir - straight line, f/p - cyan ugly thing
Aim: a cyan ugly thing You throw a javelin.
The javelin hits the cyan ugly thing!
The cyan ugly thing is lightly wounded.
You barely miss the cyan ugly thing.
The cyan ugly thing is lightly wounded.
The cyan ugly thing tentacle-slaps you! The cyan ugly thing shocks you!
Unknown command.
Okay, then.
As you read the scroll of fog, it crumbles to dust.
The scroll dissolves into smoke.
The cyan ugly thing tentacle-slaps you. The cyan ugly thing shocks you!
* * * LOW HITPOINT WARNING * * *
You see here a flail.
The cyan ugly thing tentacle-slaps you.
* * * LOW HITPOINT WARNING * * *
The cyan ugly thing shocks you!
You die...

# # ## .# ##### .# #...# .#
####...#
.##########......########
...§§§§§§§§....u@..>....#
###########.###.....###.#########
#................#<..#.......#
#........###...#.#.#.#.#####.#
#........# ###.#.#.........#.#
#........# #.#.#...#.###.#.#
#........# #.#.#.....# #(..#
########## #.#.####### #####


You could see a cyan ugly thing.

Vanquished Creatures
  2 phantoms
  A scorpion (D:6)
  A quasit (D:6)
  An orc wizard (D:3)
  2 worker ants
  A hound skeleton (D:5)
  3 adders
  A gnoll (D:1)
  An ooze (D:4)
  2 adder skeletons
  2 worms
  4 dart slugs
  3 leopard geckos
  7 orcs
  3 ball pythons
  4 giant cockroaches
  4 goblins
  4 hobgoblins
  7 jackals
  8 kobolds
  2 quokkas
  6 bats
  2 frilled lizards
  11 rats
82 creatures vanquished.

Vanquished Creatures (others)
  A hound (D:6)
1 creature vanquished.

Grand Total: 83 creatures vanquished

Notes
Turn   | Place    | Note
-------+----------+-------------------------------------------
     0 | Abyss:1  | doot the Draconian Abyssal Knight began the quest for the
                  | Orb.
     0 | Abyss:1  | Reached XP level 1. HP: 19/19 MP: 2/2
    40 | D:1      | Escaped the Abyss
   177 | D:1      | Reached XP level 2. HP: 27/27 MP: 3/3
   644 | D:1      | Reached XP level 3. HP: 32/33 MP: 4/4
   654 | D:1      | Reached ** piety under Lugonu
  1227 | D:2      | Reached XP level 4. HP: 37/41 MP: 5/5
  1799 | D:3      | Found a shimmering altar of Xom.
  2499 | D:4      | Found an ornate altar of the Wu Jian Council.
  2536 | D:4      | Reached XP level 5. HP: 22/47 MP: 6/6
  2867 | D:4      | Found a hide-covered altar of Uskayaw.
  2907 | D:4      | Found a stormy altar of Qazlal.
  3023 | D:4      | Found a glowing silver altar of Zin.
  3023 | D:4      | Noticed an angel
  3027 | D:4      | Found a shimmering altar of Xom.
  3083 | D:4      | Noticed a phantom
  3126 | D:4      | Killed a phantom
  3126 | D:4      | Reached skill level 1 in Stealth
  3448 | D:4      | Noticed Menkaure
  3448 | D:4      | Noticed an ogre
  3569 | D:4      | Found a hazy altar of Hepliaklqana.
  3583 | D:4      | Reached XP level 6. HP: 55/55 MP: 7/7
  3748 | D:5      | Entered Level 5 of the Dungeon
  3924 | D:5      | Reached skill level 5 in Fighting
  3972 | D:5      | Reached *** piety under Lugonu
  4887 | D:6      | Reached skill level 1 in Shields
  4908 | D:6      | Reached skill level 5 in Polearms
  5240 | D:6      | Your scales start taking on a rich purple colour.
  5240 | D:6      | Reached XP level 7. HP: 56/61 MP: 8/8
  5293 | D:6      | Got a faintly glowing granite ring
  5301 | D:6      | Noticed a cyan ugly thing
  5331 | D:6      | Slain by a cyan ugly thing

Skill      XL: |  1  2  3  4  5  6 |
---------------+-------------------+-----
Fighting       | 4 5 |  5.2
Polearms       | 3 4 5 |  5.1
Dodging        | 3 |  3.8
Stealth        | 1 |  1.4
Shields        | 1 |  1.1
Invocations    | |  2.0

Action                   |  1- 3 |  4- 6 |  7- 9 || total
-------------------------+-------+-------+-------++-------
Melee: Spear             |   130 |   307 |     1 ||   438
       Tailslap          |    14 |    27 |       ||    41
Throw: Javelin           |       |       |     1 ||     1
Invok: Banish            |       |     1 |       ||     1
 Abil: Breathe Dispellin |       |       |     2 ||     2
  Use: Potion            |       |     4 |       ||     4
       Scroll            |       |     1 |     1 ||     2
 Stab: Sleeping          |       |     3 |       ||     3
  Eat: Chunk             |     1 |     6 |       ||     7
       Ration            |       |     2 |       ||     2
Armor: Skin              |    37 |    71 |       ||   108
Dodge: Dodged            |    61 |   155 |       ||   216
Block: Large shield      |       |    27 |       ||    27
